 Dungeon Crawl Stone Soup version 0.29-a0-1065-g47a6bb87d6 (console) character file.

Game seed: 14009504723594835707

9790 jejorda2 the Basher (level 11, -2/89 HPs)
             Began as a Gnoll Berserker on Aug 18, 2022.
             Was an Elder of Trog.
             Slain by a shadow (19 damage)
             ... on level 10 of the Dungeon.
             The game lasted 00:22:40 (11034 turns).

jejorda2 the Basher (Gnoll Berserker)              Turns: 11034, Time: 00:22:40

Health: -2/89      AC: 18    Str: 20    XL:     11   Next: 52%
Magic:  20/20      EV: 11    Int:  7    God:    Trog [****..]
Gold:   606        SH:  9    Dex: 12    Spells: 23/23 levels left

rFire   . . .      SeeInvis .   a - +2 morningstar (protect)
rCold   . . .      Faith    .   J - +0 kite shield
rNeg    . . .      Spirit   .   m - +0 plate armour
rPois   .          Reflect  .   i - +0 helmet
rElec   .          Harm     .   e - +1 cloak
rCorr   .          Rampage  .   D - +0 pair of gloves
Will    +....                   (no boots)
Stlth   ..........              (no amulet)
HPRegen 0.24/turn               p - +4 ring of evasion
MPRegen 0.17/turn               w - ring of willpower

@: on berserk cooldown, slowed, very slow
A: fangs 1, strong nose, distributed training
a: Renounce Religion, Berserk, Trog's Hand, Brothers in Arms


You were on level 10 of the Dungeon.
You worshipped Trog.
Trog was greatly pleased with you.
You visited 1 branch of the dungeon, and saw 10 of its levels.

You collected 606 gold pieces.

Inventory:

Hand Weapons
 a - a +2 morningstar of protection (weapon)
 b - a +0 morningstar
Missiles
 h - 100 stones (quivered)
 s - 2 silver javelins
 u - 2 atropa-tipped darts
 x - 23 poisoned darts
 y - 12 boomerangs
 E - a curare-tipped dart
Armour
 e - a +1 cloak (worn)
 i - a +0 helmet (worn)
 m - a +0 plate armour (worn)
 D - a +0 pair of gloves (worn)
 J - a +0 kite shield (worn)
Jewellery
 k - a ring of flight
 p - a +4 ring of evasion (left hand)
 w - a ring of willpower (right hand)
 B - a +4 ring of evasion
Wands
 c - a wand of paralysis (5)
 q - a wand of digging (10)
 A - a wand of light (12)
 C - a wand of flame (46)
Scrolls
 d - a scroll of fear {unknown}
 j - a scroll of immolation
 l - 3 scrolls of magic mapping
 o - a scroll of teleportation
 H - a scroll of blinking {unknown}
Potions
 f - a potion of haste
 g - 6 potions of curing
 n - a potion of flight
 r - 3 potions of might
 t - 3 potions of cancellation
 v - 4 potions of lignification
 z - 3 potions of mutation
 F - 4 potions of heal wounds
 G - a potion of resistance {unknown}


   Skills:
 + Level 9.4 Fighting
 + Level 6.6 Short Blades
 + Level 6.6 Long Blades
 + Level 6.6 Axes
 + Level 9.4 Maces & Flails
 + Level 6.6 Polearms
 + Level 6.6 Staves
 + Level 6.6 Ranged Weapons
 + Level 6.6 Throwing
 + Level 8.1 Armour
 + Level 8.1 Dodging
 + Level 6.6 Stealth
 + Level 6.6 Shields
 + Level 6.6 Unarmed Combat
 + Level 6.6 Spellcasting
 + Level 5.5 Conjurations
 + Level 5.5 Hexes
 + Level 5.5 Summonings
 + Level 5.5 Necromancy
 + Level 5.5 Translocations
 + Level 5.5 Transmutations
 + Level 5.5 Fire Magic
 + Level 5.5 Ice Magic
 + Level 5.5 Air Magic
 + Level 5.5 Earth Magic
 + Level 5.5 Poison Magic
 + Level 7.2 Invocations
 + Level 6.6 Evocations


You had 23 spell levels left.
You didn't know any spells.
Your spell library was empty.

Dungeon Overview and Level Annotations

Branches:
Dungeon (10/15)            Temple (0/1) D:7
   Lair: D:8-11         Orc: D:9-12

Altars:
Elyvilon
Sif Muna
Uskayaw
Vehumet
Zin
The Shining One

Shops:
D:6 (

Annotations:
D:9 exclusion: boulder beetle


Innate Abilities, Weirdness & Mutations

You have very sharp teeth.
Your uncanny sense of smell can sniff out nearby items.
Your experience applies equally to all skills.


Message History

You are no longer berserk.
You are exhausted.
You feel yourself slow down.
The shadow slips into darkness.
The shadow flickers and vanishes!
Deactivating autopickup; reactivate with Ctrl-A.
You barely miss something.
The shadow strikes at you from the darkness!
Reactivating autopickup.
You puncture the shadow!
The shadow is moderately damaged.
The shadow slips into darkness.
The shadow flickers and vanishes!
Deactivating autopickup; reactivate with Ctrl-A.
A centaur warrior skeleton comes into view.
The shadow strikes at you from the darkness!
* * * LOW HITPOINT WARNING * * *
Reactivating autopickup.
You hit the shadow.
The shadow is heavily damaged.
An unseen horror zombie comes into view.
You block the shadow's attack.
The unseen horror zombie barely misses you.
The shadow slips into darkness.
The shadow flickers and vanishes!
Deactivating autopickup; reactivate with Ctrl-A.
The unseen horror zombie attacks as you move away!
The unseen horror zombie hits you.
* * * LOW HITPOINT WARNING * * *
The unseen horror zombie hits you but does no damage.
The unseen horror zombie closely misses you.
The centaur warrior skeleton hits you but does no damage.
The centaur warrior skeleton kicks you but does no damage.
You see here a +0 war axe.
The centaur warrior skeleton attacks as you move away!
The centaur warrior skeleton closely misses you.
The centaur warrior skeleton barely misses you.
You miss something.
The shadow strikes at you from the darkness!
You die...

#........######### #∆
#........##############Z#)#
#................#........z
#................#......z..
#######..........#..# ∆
#................#..# ∆
#................#..#
#.............#.##Z.#
############..#.@{Z.#
########## ∆ ∆∆ ∆∆ ∆ ∆∆ ∆
∆∆∆


You could see an unseen horror zombie and a centaur warrior skeleton.

Vanquished Creatures
  Fannar (D:10)
  A two-headed ogre (D:10)
  A skeletal warrior (D:10)
  Maggie (D:6)
  4 centaur skeletons (D:10)
  An unseen horror zombie (D:10)
  A hornet (D:9)
  Prince Ribbit (D:9)
  2 flying skulls (D:10)
  A shadow (D:10)
  2 wraiths (D:10)
  2 wyverns
  A yak (D:10)
  Menkaure (D:4)
  3 water moccasins
  2 black bears
  An ice beast (D:5)
  6 orc warriors
  3 sky beasts (D:7)
  3 centaurs
  An ogre (D:4)
  A phantom (D:7)
  5 bullfrogs
  3 kobold brigands
  A necrophage (D:4)
  A gnoll sergeant (D:9)
  5 scorpions
  12 wights
  6 killer bees (D:9)
  3 howler monkeys
  2 hounds
  7 orc priests
  2 gnoll boudas
  3 iguanas
  Natasha (thrice) (D:2)
  7 orc wizards
  Robin (D:2)
  A howler monkey zombie (D:10)
  6 adders
  14 gnolls
  A shadow imp (D:5)
  2 white imps (D:7)
  2 ufetubi
  4 dart slugs
  19 orcs
  7 ball pythons
  2 endoplasms
  3 giant cockroaches
  20 goblins
  13 hobgoblins
  4 jackals (D:1)
  14 kobolds
  5 quokkas
  6 bats
  7 frilled lizards
  3 rats
234 creatures vanquished.

Vanquished Creatures (others)
  3 plants (D:4)
3 creatures vanquished.

Grand Total: 237 creatures vanquished

Notes
Turn   | Place    | Note
-------+----------+-------------------------------------------
     0 | D:1      | jejorda2 the Gnoll Berserker began the quest for the Orb.
     0 | D:1      | Reached XP level 1. HP: 23/23 MP: 1/1
   114 | D:1      | Found a faded altar of an unknown god.
   132 | D:1      | Reached XP level 2. HP: 26/29 MP: 2/2
   352 | D:1      | Reached XP level 3. HP: 35/35 MP: 3/3
   489 | D:1      | Reached skill level 1 in Invocations
   499 | D:1      | Reached ** piety under Trog
  1105 | D:2      | Noticed Robin
  1123 | D:2      | Reached skill level 1 in Short Blades
  1123 | D:2      | Reached skill level 1 in Long Blades
  1123 | D:2      | Reached skill level 1 in Axes
  1123 | D:2      | Reached skill level 1 in Polearms
  1123 | D:2      | Reached skill level 1 in Staves
  1123 | D:2      | Reached skill level 1 in Ranged Weapons
  1123 | D:2      | Reached skill level 1 in Throwing
  1123 | D:2      | Reached skill level 1 in Stealth
  1123 | D:2      | Reached skill level 1 in Shields
  1123 | D:2      | Reached skill level 1 in Unarmed Combat
  1123 | D:2      | Reached skill level 1 in Spellcasting
  1123 | D:2      | Reached skill level 1 in Evocations
  1130 | D:2      | Killed Robin
  1131 | D:2      | Reached XP level 4. HP: 41/41 MP: 5/5
  1330 | D:2      | Reached skill level 1 in Conjurations
  1330 | D:2      | Reached skill level 1 in Hexes
  1330 | D:2      | Reached skill level 1 in Summonings
  1330 | D:2      | Reached skill level 1 in Necromancy
  1330 | D:2      | Reached skill level 1 in Translocations
  1330 | D:2      | Reached skill level 1 in Transmutations
  1330 | D:2      | Reached skill level 1 in Fire Magic
  1330 | D:2      | Reached skill level 1 in Ice Magic
  1330 | D:2      | Reached skill level 1 in Air Magic
  1330 | D:2      | Reached skill level 1 in Earth Magic
  1330 | D:2      | Reached skill level 1 in Poison Magic
  1436 | D:2      | Noticed Natasha
  1444 | D:2      | Killed Natasha
  1744 | D:2      | Noticed Natasha
  1762 | D:2      | Killed Natasha
  1763 | D:2      | Reached XP level 5. HP: 28/47 MP: 7/7
  1783 | D:2      | Noticed Natasha
  1795 | D:2      | Killed Natasha
  2166 | D:3      | Reached *** piety under Trog
  2638 | D:3      | Reached XP level 6. HP: 50/53 MP: 8/8
  2913 | D:4      | Noticed Menkaure
  2919 | D:4      | Killed Menkaure
  2920 | D:4      | Reached skill level 5 in Armour
  2920 | D:4      | Reached skill level 5 in Dodging
  3004 | D:4      | Reached XP level 7. HP: 60/60 MP: 10/10
  3537 | D:4      | Found a glowing golden altar of the Shining One.
  3602 | D:4      | Found a radiant altar of Vehumet.
  4047 | D:5      | Entered Level 5 of the Dungeon
  4365 | D:5      | Reached XP level 8. HP: 33/67 MP: 12/12
  4647 | D:5      | Noticed a wyvern
  4654 | D:5      | Killed a wyvern
  4972 | D:5      | Found a white marble altar of Elyvilon.
  5530 | D:6      | Found a hide-covered altar of Uskayaw.
  5660 | D:6      | Found Eproock's Weapon Boutique.
  5690 | D:6      | Found a glowing silver altar of Zin.
  5690 | D:6      | Found a shimmering blue altar of Sif Muna.
  5730 | D:6      | Reached XP level 9. HP: 58/73 MP: 14/14
  5917 | D:6      | Noticed Maggie
  5928 | D:6      | Killed Maggie
  6489 | D:7      | Reached skill level 5 in Invocations
  6671 | D:7      | Found a staircase to the Ecumenical Temple.
  6919 | D:7      | Reached **** piety under Trog
  7540 | D:8      | Reached skill level 5 in Short Blades
  7540 | D:8      | Reached skill level 5 in Long Blades
  7540 | D:8      | Reached skill level 5 in Axes
  7540 | D:8      | Reached skill level 5 in Polearms
  7540 | D:8      | Reached skill level 5 in Staves
  7540 | D:8      | Reached skill level 5 in Ranged Weapons
  7540 | D:8      | Reached skill level 5 in Throwing
  7540 | D:8      | Reached skill level 5 in Stealth
  7540 | D:8      | Reached skill level 5 in Shields
  7540 | D:8      | Reached skill level 5 in Unarmed Combat
  7540 | D:8      | Reached skill level 5 in Spellcasting
  7540 | D:8      | Reached skill level 5 in Evocations
  7540 | D:8      | Reached XP level 10. HP: 44/81 MP: 17/17
  9295 | D:9      | Noticed Prince Ribbit
  9295 | D:9      | Noticed a boulder beetle
  9301 | D:9      | Killed Prince Ribbit
 10048 | D:10     | Entered Level 10 of the Dungeon
 10136 | D:10     | Noticed a two-headed ogre
 10144 | D:10     | Killed a two-headed ogre
 10379 | D:10     | Noticed Fannar
 10392 | D:10     | Killed Fannar
 10393 | D:10     | Reached skill level 5 in Conjurations
 10393 | D:10     | Reached skill level 5 in Hexes
 10393 | D:10     | Reached skill level 5 in Summonings
 10393 | D:10     | Reached skill level 5 in Necromancy
 10393 | D:10     | Reached skill level 5 in Translocations
 10393 | D:10     | Reached skill level 5 in Transmutations
 10393 | D:10     | Reached skill level 5 in Fire Magic
 10393 | D:10     | Reached skill level 5 in Ice Magic
 10393 | D:10     | Reached skill level 5 in Air Magic
 10393 | D:10     | Reached skill level 5 in Earth Magic
 10393 | D:10     | Reached skill level 5 in Poison Magic
 10393 | D:10     | Reached XP level 11. HP: 78/89 MP: 18/20
 10692 | D:10     | Paralysed by an orc warrior for 5 turns
 11007 | D:10     | Noticed a skeletal warrior
 11024 | D:10     | Killed a skeletal warrior
 11034 | D:10     | Slain by a shadow

Illustrated notes

Levels and vault maps discovered:
D:1:      onia_arrival_mini_spirals, layout_basic, basic_ecumenical_altar
D:2:      layout_basic, uniq_natasha, uniq_robin
D:3:      layout_loops_corners, wander_ebering_terrifying_dragon_lair
D:4:      cheibrodos_greedy_goblins, layout_basic,
          mainiacjoe_overflow_boulevard, tso_oasis_becter, uniq_menkaure
D:5:      layout_gridville, elyvilon_altar_3
D:6:      layout_gridville, nicolae_overflow_two_pavilions,
          eat_drink_and_be_merry_uskayaw, serial_shops,
          nicolae_shop_hallway_plus, uniq_maggie
D:7:      layout_loops_ring, minmay_temple_entry_slanted
D:8:      layout_loops_cross
D:9:      layout_loops_ring, uniq_prince_ribbit1
D:10:     hangedman_screamer, layout_long_grid, minitemple, ebering_ghost_gozag,
          minmay_fractal_squares_gapless_7, uniq_fannar

Skill      XL: |  1  2  3  4  5  6  7  8  9 10 11 |
---------------+----------------------------------+-----
Invocations    | 1 2 3 4 5 6 7 |  7.2
Short Blades   | 1 2 3 5 6 |  6.6
Long Blades    | 1 2 3 5 6 |  6.6
Axes           | 1 2 3 5 6 |  6.6
Polearms       | 1 2 3 5 6 |  6.6
Staves         | 1 2 3 5 6 |  6.6
Ranged Weapons | 1 2 3 5 6 |  6.6
Throwing       | 1 2 3 5 6 |  6.6
Stealth        | 1 2 3 5 6 |  6.6
Shields        | 1 2 3 5 6 |  6.6
Unarmed Combat | 1 2 3 5 6 |  6.6
Spellcasting   | 1 2 3 5 6 |  6.6
Evocations     | 1 2 3 5 6 |  6.6
Conjurations   | 1 2 3 4 5 |  5.5
Hexes          | 1 2 3 4 5 |  5.5
Summonings     | 1 2 3 4 5 |  5.5
Necromancy     | 1 2 3 4 5 |  5.5
Translocations | 1 2 3 4 5 |  5.5
Transmutations | 1 2 3 4 5 |  5.5
Fire Magic     | 1 2 3 4 5 |  5.5
Ice Magic      | 1 2 3 4 5 |  5.5
Air Magic      | 1 2 3 4 5 |  5.5
Earth Magic    | 1 2 3 4 5 |  5.5
Poison Magic   | 1 2 3 4 5 |  5.5
Armour         | 5 6 7 8 |  8.1
Dodging        | 5 6 7 8 |  8.1
Fighting       | 7 8 9 |  9.4
Maces & Flails | 7 8 9 |  9.4

Action                   |  1- 3 |  4- 6 |  7- 9 | 10-12 || total
-------------------------+-------+-------+-------+-------++-------
Melee: Mace              |    79 |   167 |     2 |       ||   248
       Bite              |     9 |    14 |    36 |    43 ||   102
       Punch             |       |     5 |     2 |     2 ||     9
       Flail             |       |       |   140 |       ||   140
       Morningstar       |       |       |    63 |   268 ||   331
       Lajatang          |       |       |   159 |    15 ||   174
       Dire flail        |       |       |       |    72 ||    72
Throw: Stone             |     6 |       |       |     3 ||     9
       Dart              |       |       |       |     4 ||     4
       Javelin           |       |       |       |     1 ||     1
Invok: Berserk           |     2 |     3 |     8 |    10 ||    23
       Trog's Hand       |       |     1 |     3 |     2 ||     6
       Brothers in Arms  |       |       |       |     1 ||     1
Evoke: Wand              |       |       |       |     3 ||     3
  Use: Potion            |       |       |     1 |     1 ||     2
       Scroll            |       |       |    13 |     5 ||    18
 Stab: Invisible         |       |       |       |     2 ||     2
Armor: Chain mail        |    57 |    84 |   197 |    73 ||   411
       Plate armour      |       |       |       |   130 ||   130
Dodge: Dodged            |    27 |    91 |   318 |   190 ||   626
Block: Kite shield       |       |       |       |   108 ||   108

Table legend: (Time is in decaauts)
 A = Elapsed time spent in this place.
 B = Non-inter-level travel time spent in this place.
 C = Inter-level travel time spent in this place.
 D = Time resting spent in this place.
 E = Time spent auto-exploring this place.
 F = Levels seen in this place.
 G = Mean time per level.
                   A        B        C        D        E       F      G
               +--------+--------+--------+--------+--------+-----+--------+
         Total |  11342 |  11055 |    287 |   1549 |   7504 |  10 | 1134.2 |
       Dungeon |  11342 |  11055 |    287 |   1549 |   7504 |  10 | 1134.2 |
               +--------+--------+--------+--------+--------+-----+--------+

Top non-repeatable levels by time:
     D:9: 1741 daAuts
     D:4: 1290 daAuts
     D:7: 1247 daAuts
     D:8: 1160 daAuts
     D:1: 1087 daAuts
     D:3: 1062 daAuts
    D:10: 983 daAuts
     D:2: 941 daAuts
     D:5: 915 daAuts
     D:6: 912 daAuts
